 Dungeon Crawl Stone Soup version 0.30-a0-881-g1ff12e1e11 (webtiles) character file.

Game seed: 6658811311383783990

541740 dolemite99 the Brawler (level 24, -1/256 HPs)
             Began as a Troll Transmuter on Mar 15, 2023.
             Was a High Priest of Ashenzari.
             Killed from afar by a black draconian (36 damage)
             ... with a bolt of lightning
             ... led by a purple draconian shifter
             ... on level 1 of the Realm of Zot on Mar 16, 2023.
             The game lasted 03:07:48 (88552 turns).

dolemite99 the Brawler (Troll Transmuter)          Turns: 88552, Time: 03:07:49

Health: -1/256     AC: 30    Str: 36      XL:     24   Next: 76%
Magic:  1/24       EV:  9    Int:  9 (13) God:    Ashenzari [*****.]
Gold:   6057       SH: 23    Dex:  8 (12) Spells: 17/38 levels left

rFire   + . .      SeeInvis +      - Unarmed
rCold   + + +      Faith    .    n - +0 tower shield "Lashed Atheism" {Alch, Self} (curse)
rNeg    . . .      Spirit   .    y - +3 gold dragon scales "At What Cost Knowledge?" {Contam +Inv rPois rF+ rC+ Regen+ Str+3 Slay+2, Fort, Melee} (curse)
rPois   +          Reflect  +    Z - +2 hat of the Esoteric Activism {Stlth+, Elem, Cun} (curse)
rElec   .          Rampage  .    B - +1 cloak of Starlight {*Dazzle EV+4 Stlth--, Comp, Range} (curse)
rCorr   +          Clarity  +    (gloves unavailable)
Will    ++...                    (boots unavailable) Stlth
                                 H - amulet of the Astral Seer {Reflect SH+5, Comp, Cun} (curse)
HPRegen 2.22/turn                M - ring "Gexofeh" {rPois rC++ Will+ rCorr MP-9}
MPRegen 0.19/turn                g - ring of Supernal Gnosis {Str+6, Self, Range} (curse)

@: slowed, studying Stealth, very slow
A: large, unfitting armour, claws 3, regeneration 1, shaggy fur 1, tough skin 1
}: 3/15 runes: serpentine, silver, abyssal
a: Renounce Religion, Evoke Invisibility, Curse Item, Shatter the Chains


You were on level 1 of the Realm of Zot.
You worshipped Ashenzari.
Ashenzari was extremely pleased with you.
You visited 10 branches of the dungeon, and saw 44 of its levels.
You visited the Abyss 1 time.

You collected 8028 gold pieces.
You spent 1971 gold pieces at shops.

Inventory:

Hand Weapons
 a - the +8 whip of the Blowfly {pain, Fly rElec rCorr Int-2}
   (You found it on level 8 of the Dungeon)

   Int:       It affects your intelligence (-2).
   rElec:     It insulates you from electricity.
   Fly:       It grants you flight.
   rCorr:     It protects you from acid and corrosion.
 w - the +5 hand crossbow of Governance {elec, rF+ rC+ rN+ Stlth-}
   (You acquired it on level 3 of the Depths)

   rF:        It protects you from fire.
   rC:        It protects you from cold.
   rN:        It protects you from negative energy.
   Stlth:     It makes you less stealthy.
 O - the +9 trident of Luxury {flame, Fragile rF+ Will+++ Str+2 Int-2}
   (You took it off a vault warden on level 5 of the Vaults)

   Str:       It affects your strength (+2).
   Int:       It affects your intelligence (-2).
   rF:        It protects you from fire.
   Fragile:   It will be destroyed if unequipped.
   Will:      It greatly increases your willpower.
Missiles
 b - a boomerang
 i - a curare-tipped dart
 o - 57 poisoned darts
 v - 4 boomerangs of dispersal
 N - 71 large rocks (quivered)
 W - a throwing net
Armour
 n - the cursed +0 tower shield "Lashed Atheism" (worn) {Alch, Self}
   (You took it off a vault guard on level 2 of the Vaults)

   It has a curse which improves the following skills: Alchemy: Poison Magic and
   Transmutations.
   Introspection: Fighting and Spellcasting.
 y - the cursed +3 gold dragon scales "At What Cost Knowledge?" (worn) {Contam +Inv rPois rF+ rC+ Regen+ Str+3 Slay+2, Fort, Melee}
   (You acquired it on level 4 of the Lair of Beasts)

   Str:       It affects your strength (+3).
   Slay:      It affects your accuracy & damage with ranged weapons and melee
   (+2).
   rF:        It protects you from fire.
   rC:        It protects you from cold.
   rPois:     It protects you from poison.
   +Inv:      It lets you turn invisible.
   Contam:    It causes magical contamination when unequipped.
   Regen:     It increases your rate of health regeneration.
   It has a curse which improves the following skills: Fortitude: Armour and
   Shields.
   Melee Combat: Short Blades, Long Blades, Axes, Maces & Flails, Polearms,
   Staves and Unarmed Combat.
 B - the cursed +1 cloak of Starlight (worn) {*Dazzle EV+4 Stlth--, Comp, Range}
   (You found it on level 3 of the Elven Halls)

   *Dazzle:   It may blind those who miss an attack against the wearer in melee
   combat.
   EV:        It affects your evasion (+4).
   Stlth:     It makes you much less stealthy.
   It has a curse which improves the following skills: Companions: Summonings
   and Necromancy.
   Ranged Combat: Ranged Weapons and Throwing.
 Z - the cursed +2 hat of the Esoteric Activism (worn) {Stlth+, Elem, Cun}
   (You found it on level 1 of the Vaults)

   It has a curse which improves the following skills: Elements: Fire Magic, Ice
   Magic, Air Magic and Earth Magic.
   Cunning:   Dodging and Stealth.
Jewellery
 d - the ring of Midnight {rElec rC+ Str+3}
   (You took it off a frost giant on level 2 of the Depths)

   [ring of protection from cold]

   Str:       It affects your strength (+3).
   rC:        It protects you from cold.
   rElec:     It insulates you from electricity.
 g - the cursed ring of Supernal Gnosis (right claw) {Str+6, Self, Range}
   (You found it on level 1 of the Dungeon)

   [ring of strength]

   Str:       It affects your strength (+6).
   It has a curse which improves the following skills: Introspection: Fighting
   and Spellcasting.
   Ranged Combat: Ranged Weapons and Throwing.
 h - a ring of protection from cold
 E - the ring of Riegawog {rPois rC+}
   (You acquired it on level 7 of the Dungeon)

   [ring of protection from cold]

   rC:        It protects you from cold.
   rPois:     It protects you from poison.
 H - the cursed amulet of the Astral Seer (around neck) {Reflect SH+5, Comp, Cun}
   (You found it on level 4 of the Lair of Beasts)

   [amulet of reflection]

   It reflects blocked missile attacks.
   SH:        It affects your SH (+5).
   It has a curse which improves the following skills: Companions: Summonings
   and Necromancy.
   Cunning:   Dodging and Stealth.
 M - the ring "Gexofeh" (left claw) {rPois rC++ Will+ rCorr MP-9}
   (You bought it in a shop on level 2 of the Orcish Mines)

   [ring of willpower]

   rC:        It greatly protects you from cold.
   rPois:     It protects you from poison.
   MP:        It affects your magic capacity (-9).
   rCorr:     It protects you from acid and corrosion.
   Will:      It increases your willpower.
 T - a ring of protection from fire
Wands
 p - a wand of roots (3)
 J - a wand of quicksilver (2)
 S - a wand of digging (4)
Scrolls
 c - 7 scrolls of vulnerability
 k - 2 scrolls of fog
 s - a scroll of enchant weapon
 t - 10 scrolls of enchant armour
 x - 3 scrolls of teleportation
 z - 6 scrolls of immolation
 A - a scroll of poison
 D - 4 scrolls of magic mapping
 F - 25 scrolls of identify {@r1}
 G - 2 scrolls of silence
Potions
 e - 19 potions of curing
 f - 7 potions of ambrosia
 j - 5 potions of attraction
 r - a potion of berserk rage
 u - 5 potions of flight
 R - a potion of invisibility
 U - 2 potions of might
 V - 2 potions of brilliance
 Y - 3 potions of cancellation
Miscellaneous
 m - a phantom mirror (inert)
 q - a lightning rod (4/4)
 I - a condenser vane (inert)
 L - a tin of tremorstones (inert)
 P - a box of beasts (inert)
 X - a phial of floods


   Skills:
 - Level 14.7(18.1) Fighting
 - Level 13.0(16.4) Throwing
 - Level 14.3(16.5) Armour
 - Level 1.5(3.8) Dodging
 - Level 15.6(17.8) Shields
 - Level 17.6(19.8) Unarmed Combat
 - Level 4.4(7.6) Spellcasting
 - Level 8.7 Hexes
 - Level 9.9(13.3) Summonings
 - Level 12.7(16.1) Necromancy
 - Level 10.4 Translocations
 - Level 7.4(9.8) Transmutations
 + Level 0.3(1.1) Earth Magic
 - Level 10.6 Evocations


You had 17 spell levels left.
You knew the following spells:

 Your Spells              Type           Power      Damage    Failure   Level
a - Call Canine Familiar  Summ           27%        N/A       4%          3
b - Summon Guardian Gole  Hex/Summ       23%        N/A       12%         3
c - Beastly Appendage     Tmut           42%        N/A       7%          1
d - Blink                 Tloc           44%        N/A       8%          2
e - Lesser Beckoning      Tloc           44%        N/A       8%          2
f - Sublimation of Blood  Necr           32%        N/A       1%          2
g - Passage of Golubria   Tloc           22%        N/A       45%         4
h - Passwall              Tmut/Erth      10%        N/A       52%         2
i - Wereblood             Tmut           21%        N/A       10%         2

Your spell library contained the following spells:

 Spells                   Type           Power      Damage    Failure   Level
 Necrotise                Necr           100%       1d9       1%          1
 Summon Small Mammal      Summ           100%       N/A       1%          1
 Vampiric Draining        Necr           32%        2d8       1%          3
 Animate Dead             Necr           32%        N/A       4%          4
 Dispel Undead            Necr           32%        3d14      4%          4
 Kiss of Death            Conj/Necr      68%        2d10      14%         1
 Agony                    Necr           32%        N/A       14%         5
 Gell's Gravitas          Tloc           22%        N/A       16%         3
 Teleport Other           Tloc           22%        N/A       16%         3
 Portal Projectile        Hex/Tloc       40%        N/A       22%         3
 Anguish                  Hex/Necr       12%        N/A       22%         4
 Confusing Touch          Hex            19%        N/A       30%         3
 Tukima's Dance           Hex            19%        N/A       30%         3
 Momentum Strike          Conj/Tloc      24%        3d8       54%         2
 Vhi's Electric Charge    Tloc/Air       26%        N/A       77%         3
 Spider Form              Tmut/Pois      12%        N/A       80%         3
 Yara's Violent Unravell  Hex/Tmut       10%        3d6       92%         5
 Kindle Blastsparks       Fire/Tloc/Air  20%        2d11      94%         3
 Ignite Poison            Fire/Tmut/Pois 9%         N/A       95%         3
 Freeze                   Ice            12%        1d3       97%         1
 Foxfire                  Conj/Fire      12%        2x1d4     98%         1
 Magic Dart               Conj           12%        1d3       98%         1
 Shock                    Conj/Air       12%        1d3       98%         1
 Petrify                  Tmut/Erth      13%        N/A       98%         4
 Searing Ray              Conj           6%         2d4       99%         2
 Static Discharge         Conj/Air       6%         2-3/arc   99%         2
 Fulminant Prism          Conj/Hex       5%         3d6       99%         4
 Ice Form                 Ice/Tmut       12%        N/A       99%         4
 Iskenderun's Mystic Bla  Conj/Tloc      12%        2d5       99%         4
 Leda's Liquefaction      Hex/Erth       6%         N/A       99%         4
 Frozen Ramparts          Ice            6%         1d1       100%        3
 Hailstorm                Conj/Ice       3%         3d3       100%        3
 Ozocubu's Armour         Ice            3%         N/A       100%        3
 Swiftness                Air            3%         N/A       100%        3
 Airstrike                Air            1%         2d(1-17)  100%        4
 Flame Wave               Conj/Fire      3%         2d5       100%        4
 Sticky Flame             Conj/Fire      3%         2d3       100%        4
 Alistair's Intoxication  Tmut/Pois      8%         N/A       100%        5
 Arcjolt                  Conj/Air       1%         1d11      100%        5
 Fireball                 Conj/Fire      1%         3d3       100%        5
 Freezing Cloud           Conj/Ice/Air   1%         6-21      100%        5
 Lee's Rapid Deconstruct  Erth           2%         3d5*      100%        5
 Lightning Bolt           Conj/Air       1%         1d12      100%        5
 Metabolic Englaciation   Hex/Ice        5%         N/A       100%        5
 Conjure Ball Lightning   Conj/Air       1%         3x3d6     100%        6
 Dispersal                Tloc           11%        N/A       100%        6
 Simulacrum               Ice/Necr       9%         N/A       100%        6
 Starburst                Conj/Fire      1%         6d3       100%        6
 Statue Form              Tmut/Erth      8%         N/A       100%        6
 Enfeeble                 Hex            9%         N/A       100%        7
 Haunt                    Necr/Summ      15%        N/A       100%        7
 Orb of Destruction       Conj           1%         9d5       100%        7
 Ozocubu's Refrigeration  Ice            1%         4d7       100%        7
 Summon Hydra             Summ           13%        N/A       100%        7
 Discord                  Hex            9%         N/A       100%        8
 Disjunction              Tloc           11%        N/A       100%        8
 Infestation              Necr           16%        N/A       100%        8
 Lehudib's Crystal Spear  Conj/Erth      2%         10d2      100%        8
 Chain Lightning          Conj/Air       1%         3d2       100%        9
 Fire Storm               Conj/Fire      1%         8d1       100%        9
 Shatter                  Erth           2%         3d6*      100%        9


Dungeon Overview and Level Annotations

Branches:
Dungeon (15/15)            Temple (1/1) D:6            Lair (5/5) D:11
 Shoals (4/4) Lair:3        Snake (4/4) Lair:2        Slime (0/5) Lair:4
    Orc (2/2) D:10            Elf (3/3) Orc:2        Vaults (5/5) D:13
  Crypt (0/3) Vaults:3     Depths (4/4) D:15            Zot (1/5) Depths:4

Altars:
Ashenzari
Cheibriados
Dithmenos
Elyvilon
Fedhas
Gozag
Hepliaklqana
Kikubaaqudgha
Makhleb
Nemelex Xobeh
Okawaru
Qazlal
Ru
Sif Muna
Trog
Uskayaw
Vehumet
Wu Jian
Xom
Yredelemnul
Zin
The Shining One
Jiyva

Shops:
D:1 !   D:2 !****   D:3 ?   Orc:2 ?=(=   Elf:3 [   Snake:3 :[   Snake:4 **
Vaults:3 (   Vaults:5 [

Portals:
Hell: Depths:1 Depths:2 Depths:4
Pandemonium: Depths:2

Annotations:
Shoals:2 Ilsuiw
Snake:3 exclusion: 2 downstairs
Elf:2 3 runed translucent doors


Innate Abilities, Weirdness & Mutations

You are too large for most types of armour.
You have claws for hands.
Your natural rate of healing is unusually fast.
You are covered in fur. (AC +1)
You have tough skin. (AC +1)


Message History

The green draconian breathes poison at you.
The blast of poison engulfs you. You resist.
* * * LOW HITPOINT WARNING * * *
You block the green draconian's attack. The green draconian barely misses you.
The white draconian stormcaller closely misses you.
The death cob attacks as you move away!
The death cob hits you but does no damage.
The white draconian stormcaller attacks as you move away!
You block the white draconian stormcaller's attack.
You block the death cob's attack.
The green draconian breathes poison at you.
The blast of poison engulfs you. You resist.
* * * LOW HITPOINT WARNING * * *
You block the death cob's attack.
The green draconian attacks as you move away!
You block the green draconian's attack. x2
The death cob completely misses you.
You feel better. You block the death cob's attack. The death cob hits you!!
* * * LOW HITPOINT WARNING * * *
The death cob drains your vigour!
You feel yourself slow down. The ghost moth stares at you.
You feel your power leaking away. You block the death cob's attack.
The green draconian is engulfed in blazing flames.
The green draconian attacks as you move away!
You block the green draconian's attack. x2
Found a +1 chain mail of fire resistance.
The death cob hits you but does no damage.
The death cob hits you!
* * * LOW HITPOINT WARNING * * *
The black draconian breathes lightning at you.
The bolt of lightning hits you!!
* * * LOW HITPOINT WARNING * * *
The ghost moth misses you. You block the ghost moth's attack. x2
You feel better. The death cob closely misses you.
You block the death cob's attack.
The death cob hits you but does no damage.
The black draconian breathes lightning at you.
The bolt of lightning hits you!!!
You die...

, ,* #####*, #...D# ,,
### #.#.# , *##...##
..###...##** #....#
##*##.#......#####§§§##
.###..#.....d#.##§§{{#
§§§##.....###..§#§§D##
§§§§##..†......§qD§°#
§§.ddz#....###..zyd##
§§§.dD##.###*##.@d##
##§..{{###,,,#....#
*###....# [.....## ,
*##.......##..## ,,*
##...... #### *#...## ,
#.## * , , , ... * *
##*


You could see a black draconian (catching breath), 2 draconians, a death cob, a
quicksilver dragon, a white draconian stormcaller and a ghost moth (invisible).

Vanquished Creatures
  Mara (Snake:4)
  2 juggernauts
  Bai Suzhen (Vaults:4)
  Parghit (Depths:3)
  Frederick (Depths:3)
  A caustic shrike (Depths:3)
  Vashnia (Snake:2)
  4 golden dragons
  Nikola (Snake:4)
  6 tentacled monstrosities
  Mlioglotl (Shoals:3)
  A walking crystal tome (Depths:3)
  Asterion (Snake:3)
  3 liches
  2 deep elf blademasters (Elf:3)
  3 quicksilver dragons
  A walking earthen tome (Depths:2)
  7 titans
  2 deep elf master archers (Elf:3)
  The ghost of relicbr the Unseen, an adept SpDe of Dithmenos (Depths:2)
  A kraken (Shoals:2)
  Polyphemus (Shoals:3)
  4 sphinxes
  An ancient champion (Vaults:3)
  3 tentacled starspawn (Abyss:3)
  Agnes (D:14)
  3 storm dragons
  9 tengu reavers
  6 shadow dragons
  Frances (Snake:2)
  10 frost giants
  8 nagarajas
  14 fire giants
  The ghost of Tollund the Marksant, a journeyman FoHu of Qazlal (D:12)
  A draconian scorcher (Depths:4)
  4 deep elf sorcerers
  Aizul (Snake:4)
  2 draconian knights (Depths:4)
  20 vault wardens
  8 deep elf elementalists (Elf:3)
  2 orc warlords (Vaults:1)
  A juggernaut zombie (Abyss:3)
  A draconian shifter (Depths:4)
  22 very ugly things
  A spriggan defender (Depths:3)
  20 stone giants
  A quicksilver ooze (shapeshifter) (Vaults:5)
  26 ironbound preservers
  A caustic shrike skeleton (Abyss:3)
  A vampire knight (Depths:1)
  5 war gargoyles
  10 ironbound thunderhulks
  3 green draconians (Depths:4)
  3 black draconians
  5 deep elf demonologists
  3 white draconians
  3 purple draconians (Depths:4)
  6 deep elf annihilators
  A red draconian (Depths:4)
  6 spark wasps
  Snorg (Lair:4)
  15 ettins
  2 crystal guardians
  11 dire elephants
  8 fire dragons
  3 merfolk javelineers
  6 merfolk impalers
  A blizzard demon (Depths:2)
  9 deep elf death magi
  4 entropy weavers
  5 deep elf high priests
  6 ice dragons
  4 rakshasas
  15 yaktaur captains
  33 vault guards
  5 great orbs of eyes (Vaults:3)
  2 salamander tyrants (Snake:4)
  5 ogre magi
  12 ironbound frosthearts
  5 peacekeepers
  16 anacondas
  5 hydras
  2 merfolk avatars (Shoals:3)
  A hell beast (Depths:2)
  4 spriggan air magi
  3 alligator snapping turtles
  9 death yaks
  15 dancing weapons
  A merfolk aquamancer (Shoals:3)
  A catoblepas (Shoals:3)
  9 two-headed ogres
  18 centaur warriors
  3 boulder beetles
  7 deep troll shamans
  6 tengu warriors
  6 deep troll earth magi
  20 naga sharpshooters
  2 thrashing horrors
  22 naga warriors
  8 spriggan berserkers
  13 deep elf knights
  Nergalle (Orc:2)
  3 sun demons
  7 shock serpents
  A hell knight (Depths:2)
  4 skysharks
  5 salamander mystics
  2 soul eaters (D:15)
  A wretched star (Abyss:3)
  7 skeletal warriors
  8 iron trolls
  17 sea snakes
  A goliath frog (Lair:5)
  6 glowing orange brains
  3 flayed ghosts
  Pikel (D:8)
  6 naga ritualists
  19 ironbound convokers
  14 lindwurms
  9 deep elf archers
  72 deep trolls
  3 phantasmal warriors
  23 deep elf zephyrmancers
  A steelbarb worm (shapeshifter) (Depths:2)
  23 deep elf pyromancers
  A necromancer (Vaults:3)
  9 fauns
  9 wizards
  12 orc knights
  31 harpies
  11 mana vipers
  A steelbarb worm (Snake:2)
  9 orc sorcerers
  45 ugly things
  A wolf spider zombie (D:14)
  A will-o-the-wisp (Abyss:3)
  2 moths of wrath
  2 worldbinders
  31 salamanders
  9 manticores
  17 elephants
  26 black mambas
  6 merfolk sirens
  Maurice (D:8)
  A water nymph (Shoals:3)
  7 cyclopes
  3 guardian serpents (Snake:3)
  17 vault sentinels
  A rust devil (Abyss:3)
  6 centaur zombies (D:14)
  19 cane toads
  7 smoke demons
  22 naga magi
  A gargoyle (D:13)
  2 unseen horrors
  49 yaktaurs
  6 rime drakes
  5 freezing wraiths
  7 komodo dragons
  An efreet (Abyss:3)
  4 kobold demonologists
  A tengu conjurer (D:14)
  11 meliai
  5 polar bears
  18 merfolk
  A red devil (Depths:2)
  A troll (shapeshifter) (Vaults:5)
  8 trolls
  A hornet (D:9)
  7 wind drakes
  Grinder (D:5)
  A tarantella (Vaults:2)
  2 tyrant leeches
  34 blink frogs
  A small abomination (Abyss:3)
  3 snapping turtles
  7 dream sheep
  A jumping spider (Vaults:1)
  A culicivora (D:14)
  3 shadows
  A centaur simulacrum (D:15)
  29 slime creatures
  6 air elementals
  A culicivora (shapeshifter) (Vaults:5)
  16 water elementals
  7 wyverns
  4 vampires
  5 wraiths
  4 fire elementals
  3 fire bats (Abyss:2)
  A yak (shapeshifter) (Depths:3)
  41 yaks
  5 redbacks
  3 steam dragons (Shoals:3)
  7 vampire mosquitoes
  4 wargs
  Menkaure (D:6)
  4 acid dragons
  Edmund (D:4)
  2 spatial vortices (Abyss:2)
  3 large abominations (Abyss:2)
  47 nagas
  13 water moccasins
  2 floating eyes
  17 orc warriors
  A sky beast (D:7)
  7 starcursed masses (Abyss:3)
  11 wolves
  13 ogres
  14 centaurs
  5 boggarts (Vaults:2)
  A lemure (D:8)
  12 kobold brigands
  19 bullfrogs
  3 gnoll sergeants
  4 earth elementals
  4 scorpions
  A scorpion (shapeshifter) (Vaults:5)
  19 wights
  9 killer bees
  2 howler monkeys (D:12)
  A vampire bat (Orc:2)
  14 electric eels
  A lava snake (Snake:4)
  A jelly (D:7)
  6 hounds
  17 orc priests
  Crazy Yiuf (D:2)
  A gnoll bouda (D:7)
  2 iguanas
  33 orc wizards
  7 hell rats (Lair:4)
  3 adders
  14 gnolls
  A shadow imp (D:7)
  A white imp (D:8)
  A worm (D:5)
  A dart slug (shapeshifter) (Depths:3)
  60 orcs
  13 bats
  7 endoplasms
  A giant cockroach (D:2)
  8 goblins
  4 hobgoblins
  7 ball pythons
  A frilled lizard (D:1)
  A frilled lizard (shapeshifter) (Vaults:5)
  19 kobolds
  3 rats
1891 creatures vanquished.

Vanquished Creatures (collateral kills)
  An ancient lich (Vaults:5)
  A walking earthen tome (Depths:3)
  A fire giant (Depths:3)
  An orc warlord (Vaults:3)
  An ironbound preserver (Vaults:1)
  A spriggan defender (Depths:3)
  2 war gargoyles (Vaults:3)
  2 very ugly things
  2 spark wasps
  An ettin (Vaults:5)
  A merfolk impaler (Shoals:4)
  A vault guard (Vaults:5)
  An ironbound frostheart (Vaults:2)
  A deep troll shaman (Depths:1)
  2 naga warriors
  A deep troll earth mage (Depths:1)
  A salamander mystic (Snake:4)
  2 deep trolls (Depths:1)
  2 ironbound convokers
  2 harpies (Shoals:1)
  A cyclops (Shoals:1)
  A salamander (Snake:4)
  A black mamba (Snake:4)
  3 kobold demonologists (D:12)
  2 yaktaurs (Vaults:4)
  3 blink frogs (Lair:4)
  A slime creature (Vaults:2)
  A kobold brigand (D:12)
40 creatures vanquished.

Vanquished Creatures (others)
  2 very ugly things (Depths:1)
  A vampire knight (Depths:1)
  A yellow draconian (Depths:4)
  A naga sharpshooter (Snake:4)
  A tengu warrior (Depths:1)
  A lindwurm (Vaults:1)
  3 deep trolls
  A wizard (Vaults:4)
  An ironbound convoker (Vaults:2)
  A deep elf pyromancer (Elf:1)
  An ugly thing (Depths:1)
  2 salamanders (Snake:4)
  A manticore (Shoals:2)
  A guardian serpent (Snake:4)
  A vault sentinel (Vaults:2)
  A yaktaur (Vaults:1)
  A kobold brigand (D:12)
  4 foxfires (Abyss:3)
  23 fungi
  A lurking horror (Abyss:3)
  199 plants
  7 starspawn tentacles (Abyss:3)
  23 tentacles
  7 withered plants (D:14)
285 creatures vanquished.

Grand Total: 2216 creatures vanquished

Notes
Turn   | Place    | Note
-------+----------+-------------------------------------------
     0 | D:1      | dolemite99 the Troll Transmuter began the quest for the
                  | Orb.
     0 | D:1      | Reached XP level 1. HP: 18/18 MP: 1/1
   437 | D:1      | Found Gaforiro's Distillery.
   447 | D:1      | Reached XP level 2. HP: 26/26 MP: 2/2
   448 | D:1      | Bought a potion of attraction for 42 gold pieces
   741 | D:2      | Found Jautuergh's Distillery.
   745 | D:2      | Bought a potion of curing for 42 gold pieces
   870 | D:2      | Reached skill level 4 in Unarmed Combat
   872 | D:2      | Reached XP level 3. HP: 31/32 MP: 3/3
   979 | D:2      | Found Okiph's Assorted Antiques.
   982 | D:2      | Bought a fizzy puce potion for 22 gold pieces
   982 | D:2      | Bought a sapphire potion for 22 gold pieces
   982 | D:2      | Bought a scroll labelled FOAREA ZAUQ for 25 gold pieces
  1154 | D:2      | Found Pulonib's Assorted Antiques.
  1211 | D:2      | Found Tyisuihux's General Store.
  1334 | D:2      | Found Nimezej's General Store.
  1575 | D:2      | Found a runed translucent door.
  1576 | D:2      | Noticed Crazy Yiuf
  1587 | D:2      | Killed Crazy Yiuf
  1847 | D:3      | Found a shadowy altar of Dithmenos.
  1851 | D:3      | Found Tuebbuomux's Magic Scroll Boutique.
  1858 | D:3      | Bought a scroll of identify for 22 gold pieces
  1881 | D:3      | Reached XP level 4. HP: 40/40 MP: 4/4
  2085 | D:3      | Reached skill level 5 in Unarmed Combat
  2514 | D:4      | Found an iron altar of Okawaru.
  2762 | D:4      | Noticed Edmund
  2781 | D:4      | Killed Edmund
  2782 | D:4      | Reached skill level 6 in Unarmed Combat
  2782 | D:4      | Reached XP level 5. HP: 29/46 MP: 5/5
  2864 | D:4      | Found a shimmering altar of Xom.
  2908 | D:4      | Found a glowing golden altar of the Shining One.
  2908 | D:4      | Found a white marble altar of Elyvilon.
  2908 | D:4      | Found a glowing silver altar of Zin.
  3158 | D:5      | Entered Level 5 of the Dungeon
  3225 | D:5      | Reached XP level 6. HP: 54/54 MP: 6/6
  3286 | D:5      | Noticed Grinder
  3293 | D:5      | Reached skill level 7 in Unarmed Combat
  3298 | D:5      | Killed Grinder
  3299 | D:5      | Reached skill level 8 in Unarmed Combat
  3299 | D:5      | Reached XP level 7. HP: 61/61 MP: 7/7
  3484 | D:5      | Found a radiant altar of Vehumet.
  4255 | D:5      | Noticed a kobold demonologist
  4266 | D:5      | Killed a kobold demonologist
  4267 | D:5      | Reached skill level 9 in Unarmed Combat
  4629 | D:5      | Found a hazy altar of Hepliaklqana.
  4712 | D:6      | Reached XP level 8. HP: 68/68 MP: 8/8
  4748 | D:6      | Reached skill level 10 in Unarmed Combat
  4839 | D:6      | Found a staircase to the Ecumenical Temple.
  4845 | Temple   | Entered the Ecumenical Temple
  5016 | Temple   | Became a worshipper of Ashenzari the Shackled
  5057 | Temple   | Reached skill level 1 in Fighting
  5900 | D:2      | Bought a scroll of fog for 56 gold pieces
  5900 | D:2      | Bought 6 poisoned darts for 50 gold pieces
  6142 | D:6      | Found the +0 toga "Victory" {*Victory Clar}
  6160 | D:6      | Noticed Menkaure
  6178 | D:6      | Killed Menkaure
  6678 | D:6      | Reached skill level 5 in Fighting
  7223 | D:2      | Bought a scroll of teleportation for 36 gold pieces
  7223 | D:2      | Bought a scroll of teleportation for 36 gold pieces
  7423 | D:6      | Reached XP level 9. HP: 63/84 MP: 9/9
  7708 | D:7      | Reached skill level 1 in Evocations
  7981 | D:7      | Identified the +10 hand axe of Paper {venom, Dex+3 Stlth+}
  8118 | D:7      | Identified the cursed +2 cloak "Astrological Shame" {Melee,
                  | Range} (You took it off Crazy Yiuf on level 2 of the
                  | Dungeon)
  8138 | D:7      | Reached * piety under Ashenzari
  8138 | D:7      | Identified a scroll of acquirement
  8892 | D:7      | Acquired the ring of Riegawog {rPois rC+}
  8945 | D:8      | Noticed Pikel
  8963 | D:8      | Killed Pikel
  8994 | D:8      | Found an opulent altar of Gozag.
  9041 | D:8      | Noticed Maurice
  9071 | D:8      | Killed Maurice
  9188 | D:8      | Reached ** piety under Ashenzari
  9195 | D:8      | Identified the +8 whip of the Blowfly {pain, Fly rElec
                  | rCorr Int-2}
  9227 | D:8      | Reached XP level 10. HP: 97/102 MP: 17/17
  9318 | D:8      | Found a bloodstained altar of Trog.
  9471 | D:8      | Reached skill level 1 in Armour
  9878 | D:9      | Noticed a sixfirhy
 10011 | D:9      | Identified the cursed +0 pearl dragon scales "Eternal
                  | Urgency" {rN+, Alch, Melee} (You took it off an orc priest
                  | on level 8 of the Dungeon)
 10231 | D:9      | Identified the +9 flail "Mud Pie of Death" {drain, Drain
                  | rElec Will+ Str+4}
 10737 | D:9      | Reached skill level 5 in Armour
 11294 | D:10     | Entered Level 10 of the Dungeon
 11351 | D:10     | Reached skill level 1 in Throwing
 11617 | D:10     | Found a hide-covered altar of Uskayaw.
 11891 | D:10     | Reached skill level 5 in Throwing
 11891 | D:10     | Reached XP level 11. HP: 99/109 MP: 18/18
 12082 | D:10     | Found a staircase to the Orcish Mines.
 12166 | D:10     | Found a burning altar of Makhleb.
 12555 | D:11     | Noticed a two-headed ogre
 12560 | D:11     | Killed a two-headed ogre
 12597 | D:11     | Learned a level 3 spell: Call Canine Familiar
 12886 | D:11     | Reached skill level 5 in Evocations
 12934 | D:11     | Found a staircase to the Lair.
 13904 | D:2      | Bought a potion of berserk rage for 70 gold pieces
 13904 | D:2      | Bought a potion of heal wounds for 70 gold pieces
 13904 | D:2      | Bought a potion of heal wounds for 70 gold pieces
 14094 | Lair:1   | Entered Level 1 of the Lair of Beasts
 14763 | Lair:2   | Identified the +1 pair of gloves of Xaetuasm {rPois Dex+2
                  | SInv}
 14774 | Lair:2   | Reached XP level 12. HP: 118/118 MP: 19/19
 14782 | Lair:2   | Found a staircase to the Snake Pit.
 14985 | Lair:2   | Learned a level 1 spell: Beastly Appendage
 14988 | Lair:2   | Learned a level 2 spell: Wereblood
 14991 | Lair:2   | Learned a level 2 spell: Blink
 14994 | Lair:2   | Learned a level 2 spell: Lesser Beckoning
 14997 | Lair:2   | Learned a level 2 spell: Sublimation of Blood
 15629 | Lair:3   | Noticed a boulder beetle
 15650 | Lair:3   | Killed a boulder beetle
 15655 | Lair:3   | Noticed a seven-headed hydra
 15666 | Lair:3   | Killed a seven-headed hydra
 15777 | Lair:3   | Reached skill level 5 in Transmutations
 15932 | Lair:3   | Noticed a six-headed hydra
 15989 | Lair:3   | Killed a seven-headed hydra
 16057 | Lair:3   | Found a staircase to the Shoals.
 16244 | Lair:4   | Found a staircase to the Slime Pits.
 16244 | Lair:4   | Found a viscous altar of Jiyva.
 17222 | Lair:4   | Noticed Snorg
 17234 | Lair:4   | Killed Snorg
 17483 | Lair:4   | Acquired the +3 gold dragon scales of Dogma {Contam +Inv
                  | rPois rF+ rC+ Regen+ Str+3 Slay+2}
 18041 | Lair:5   | Entered Level 5 of the Lair of Beasts
 18061 | Lair:4   | Reached XP level 13. HP: 52/117 MP: 19/19
 19549 | Orc:1    | Entered Level 1 of the Orcish Mines
 20464 | Orc:2    | Entered Level 2 of the Orcish Mines
 20480 | Orc:2    | Reached *** piety under Ashenzari
 20646 | Orc:2    | Reached skill level 1 in Summonings
 21347 | Orc:2    | Found a staircase to the Elven Halls.
 22599 | Orc:2    | Paralysed by an ogre mage for 4 turns
 22682 | Orc:2    | Reached skill level 5 in Summonings
 22992 | Orc:2    | Found Syroros's Jewellery Shop.
 23005 | Orc:2    | Bought the ring "Gexofeh" {rPois rC++ Will+ rCorr MP-9} for
                  | 444 gold pieces
 23029 | Orc:2    | Noticed Nergalle
 23042 | Orc:2    | Killed Nergalle
 23051 | Orc:2    | Found an ancient bone altar of Kikubaaqudgha.
 23079 | Orc:2    | Found Titiyles's Jewellery Boutique.
 23302 | Orc:2    | Found Kaw Woojam's Antique Weapon Boutique.
 23351 | Orc:2    | Found a radiant altar of Vehumet.
 23508 | Orc:2    | Found Weqax's Magic Scroll Shop.
 23530 | Orc:2    | Reached XP level 14. HP: 135/135 MP: 12/21
 23545 | Orc:2    | Bought a scroll of fog for 56 gold pieces
 23545 | Orc:2    | Bought a scroll of vulnerability for 56 gold pieces
 23545 | Orc:2    | Bought a scroll of immolation for 56 gold pieces
 23961 | D:2      | Bought a scroll of teleportation for 90 gold pieces
 23961 | D:2      | Bought a scroll of fear for 120 gold pieces
 23961 | D:2      | Bought a potion of haste for 300 gold pieces
 24366 | D:12     | Found a runed translucent gate.
 24366 | D:12     | Found a runed translucent gate.
 24366 | D:12     | Found a runed translucent gate.
 24366 | D:12     | Noticed Tollund's ghost (journeyman FoHu)
 24886 | D:13     | Found a gate to the Vaults.
 25075 | D:13     | Reached skill level 1 in Shields
 26571 | Lair:4   | Reached skill level 5 in Shields
 27480 | Lair:5   | Reached **** piety under Ashenzari
 27724 | Lair:4   | Reached XP level 15. HP: 115/149 MP: 14/23
 28688 | Lair:5   | Identified the +10 trident of Exquisite Torment {venom,
                  | rN++ Int-2 Dex+5}
 29712 | D:14     | Reached skill level 10 in Fighting
 30338 | D:14     | Found a stormy altar of Qazlal.
 30518 | D:14     | Noticed Agnes
 30527 | D:14     | Killed Agnes
 30955 | D:15     | Entered Level 15 of the Dungeon
 31182 | D:15     | Found a staircase to the Depths.
 31445 | D:15     | Reached skill level 1 in Translocations
 32361 | Elf:1    | Entered Level 1 of the Elven Halls
 32530 | Elf:1    | Reached XP level 16. HP: 170/170 MP: 15/24
 32691 | Elf:1    | Reached skill level 5 in Translocations
 32716 | Elf:1    | Paralysed by an air elemental for 1 turns
 32722 | Elf:1    | Paralysed by an air elemental for 1 turns
 33699 | Elf:1    | Paralysed by an air elemental for 1 turns
 34598 | Elf:2    | Paralysed by an air elemental for 1 turns
 34722 | Elf:2    | Identified the +6 flail of Distraction {heavy, rF+}
 34997 | Elf:2    | Found a runed translucent gate.
 34998 | Elf:2    | Found a runed translucent gate.
 34998 | Elf:2    | Found a runed translucent gate.
 35487 | D:1      | Bought 2 potions of curing for 84 gold pieces
 35487 | D:1      | Bought a potion of might for 56 gold pieces
 35487 | D:1      | Bought a potion of brilliance for 56 gold pieces
 35487 | D:1      | Bought a potion of attraction for 42 gold pieces
 35549 | D:2      | Bought a scroll of vulnerability for 48 gold pieces
 35937 | D:12     | Killed Tollund's ghost
 36317 | Snake:1  | Entered Level 1 of the Snake Pit
 36431 | Snake:1  | Reached skill level 10 in Translocations
 37130 | Snake:1  | Reached XP level 17. HP: 178/178 MP: 25/25
 37486 | Snake:1  | Reached skill level 10 in Throwing
 38045 | Snake:2  | Noticed Frances
 38057 | Snake:2  | Killed Frances
 38148 | Snake:2  | Noticed Vashnia
 38203 | Snake:2  | Killed Vashnia
 39811 | Snake:3  | Reached skill level 11 in Unarmed Combat
 40244 | Snake:3  | Noticed Asterion
 40733 | Snake:4  | Entered Level 4 of the Snake Pit
 40807 | Snake:4  | Found Inlobrauco's Mayhem Merchandise.
 41119 | Snake:4  | Found Wiobuwis's Neck Hole.
 41639 | Snake:3  | Found Zaolem's Antique Armour Shop.
 41643 | Snake:3  | Found Acrem's Book Shop.
 41843 | Snake:4  | Noticed Nikola
 41846 | Snake:4  | Noticed Mara
 41935 | Snake:3  | Killed Asterion
 42512 | Shoals:1 | Entered Level 1 of the Shoals
 42512 | Shoals:1 | Identified the Discourse on Electric Transfiguration
 42643 | Lair:3   | Reached skill level 10 in Armour
 43469 | Snake:4  | Noticed dolemite99's illusion
 43956 | Elf:3    | Entered Level 3 of the Elven Halls
 44518 | Elf:3    | Reached XP level 18. HP: 132/180 MP: 17/26
 47252 | Elf:3    | Identified the +0 pair of gloves of the Ditch-Digger
                  | {Str+3}
 47312 | Elf:3    | Identified the +6 mace "Pyib" {drain, rC++ Will- Str+2}
 47477 | Elf:3    | Found the +1 cloak of Starlight {*Dazzle EV+4 Stlth--}
 47479 | Elf:3    | Identified the +6 arbalest of the Scavenger {antimagic,
                  | rN++ SInv}
 47853 | Elf:3    | Found Vinwid's Armour Shoppe.
 47905 | Elf:3    | Found a runed translucent door.
 47905 | Elf:3    | Paralysed by an air elemental for 1 turns
 47909 | Elf:3    | Paralysed by an air elemental for 1 turns
 47920 | Elf:3    | Paralysed by an air elemental for 1 turns
 48032 | Elf:3    | Reached skill level 12 in Unarmed Combat
 48076 | Elf:3    | Paralysed by an air elemental for 1 turns
 48498 | Snake:4  | Killed Mara
 48557 | Snake:4  | Reached skill level 13 in Unarmed Combat
 49428 | Snake:4  | Reached skill level 14 in Unarmed Combat
 49606 | Snake:4  | Identified Oloy's Folio of the Vitriolic Blink Frog
 49624 | Snake:4  | Reached skill level 15 in Unarmed Combat
 49678 | Snake:4  | Noticed Aizul
 49696 | Snake:4  | Killed Aizul
 49770 | Snake:4  | Reached skill level 16 in Unarmed Combat
 50696 | Snake:3  | Learned a level 4 spell: Passage of Golubria
 50796 | Snake:4  | Killed Nikola
 50797 | Snake:4  | Reached skill level 17 in Unarmed Combat
 51140 | Snake:4  | Reached XP level 19. HP: 196/196 MP: 17/26
 51855 | Snake:4  | Got a serpentine rune of Zot
 53850 | Shoals:2 | Noticed Ilsuiw
 54815 | Shoals:3 | Learned a level 2 spell: Passwall
 55156 | Shoals:3 | Noticed Mlioglotl
 55171 | Shoals:3 | Killed Mlioglotl
 55453 | Shoals:3 | Noticed Polyphemus
 55463 | Shoals:3 | Killed Polyphemus
 55638 | Shoals:4 | Entered Level 4 of the Shoals
 56050 | Shoals:4 | Reached skill level 10 in Evocations
 56770 | Vaults:1 | Entered Level 1 of the Vaults
 57172 | Vaults:1 | Reached ***** piety under Ashenzari
 57177 | Vaults:1 | Learned a level 3 spell: Summon Guardian Golem
 57258 | Vaults:1 | Reached XP level 20. HP: 158/215 MP: 28/28
 58509 | Vaults:1 | Reached skill level 1 in Hexes
 59662 | Vaults:2 | Reached skill level 1 in Necromancy
 60249 | Vaults:2 | Reached skill level 5 in Necromancy
 61934 | Vaults:3 | Reached XP level 21. HP: 223/223 MP: 29/29
 62807 | Vaults:3 | Reached skill level 10 in Necromancy
 63021 | Vaults:3 | Found a staircase to the Crypt.
 63372 | Vaults:3 | Found Jawoupli's Antique Weapon Shop.
 65882 | Vaults:4 | Identified the +0 glaive of the Manifold Dances {freeze,
                  | Drain rElec rC+ rN+}
 66128 | Vaults:4 | Noticed Bai Suzhen
 66147 | Vaults:4 | Killed Bai Suzhen
 66664 | Vaults:4 | Acquired 467 gold pieces
 66839 | Vaults:4 | Reached skill level 5 in Hexes
 67278 | Vaults:4 | Identified Habraifeis's Dissertation on Cleavage
 67507 | Vaults:4 | Paralysed by a sphinx for 5 turns
 67653 | Vaults:4 | Reached XP level 22. HP: 232/232 MP: 21/30
 68428 | Depths:1 | Entered Level 1 of the Depths
 69751 | Depths:1 | Paralysed by a floating eye for 4 turns
 70907 | Depths:1 | Found a gateway to Hell.
 72702 | Depths:2 | Identified the ring of Midnight {rElec rC+ Str+3}
 73127 | Depths:2 | Identified the +5 quarterstaff of Resumed Hostilities
                  | {heavy, rCorr Str+4 Int-5}
 73534 | Depths:3 | Noticed Parghit
 73534 | Depths:3 | Noticed Frederick
 73587 | Depths:3 | Killed Parghit
 73588 | Depths:3 | Reached skill level 10 in Shields
 73589 | Depths:3 | Killed Frederick
 74675 | Depths:2 | Found a one-way gate leading to the halls of Pandemonium.
 74756 | Depths:2 | Found a large runed translucent door.
 74757 | Depths:2 | Noticed relicbr's ghost (adept SpDe)
 74758 | Depths:2 | Found a large runed translucent door.
 74770 | Depths:2 | Killed relicbr's ghost
 75156 | Depths:3 | Reached XP level 23. HP: 225/244 MP: 24/33
 76457 | Depths:3 | Noticed a caustic shrike
 76606 | Depths:3 | Identified the +10 spear of Zausch {heavy, Dex+5}
 76632 | Depths:3 | Identified the +0 pair of boots of Qazlal {rPois rN+++
                  | Will- rCorr}
 76784 | Depths:3 | Acquired 531 gold pieces
 76786 | Depths:3 | Acquired the +5 hand crossbow of Governance {elec, rF+ rC+
                  | rN+ Stlth-}
 76942 | Depths:3 | Noticed a juggernaut
 76945 | Depths:3 | Identified the ring of Youthful Indiscretion {+Blink rC+
                  | Will+ Slay+2}
 76979 | Depths:3 | Killed a caustic shrike
 77201 | Depths:3 | Killed a juggernaut
 77862 | Depths:4 | Entered Level 4 of the Depths
 78486 | Depths:4 | Acquired 659 gold pieces
 78545 | Depths:4 | Noticed a juggernaut
 78562 | Depths:4 | Killed a juggernaut
 80254 | Depths:4 | Found a gate to the Realm of Zot.
 80560 | Depths:4 | Reached skill level 15 in Shields
 81930 | D:5      | Found a radiant altar of Vehumet.
 82175 | D:5      | Found a hazy altar of Hepliaklqana.
 82519 | Vaults:5 | Entered Level 5 of the Vaults
 82519 | Vaults:5 | Noticed an ancient lich
 82519 | Vaults:5 | Identified the +4 scimitar of Fimmut {flame, Dex+3}
 82536 | Vaults:5 | Killed an ancient lich
 83534 | Abyss:2  | Cast into level 2 of the Abyss (a deep elf demonologist)
 83786 | Abyss:3  | Found a corrupted altar of Lugonu.
 83811 | Abyss:3  | Found a corrupted altar of Lugonu.
 83845 | Abyss:3  | Found a corrupted altar of Lugonu.
 83932 | Abyss:3  | Found a corrupted altar of Lugonu.
 83952 | Abyss:3  | Got an abyssal rune of Zot
 84066 | Abyss:3  | Found a corrupted altar of Lugonu.
 84206 | Vaults:5 | Escaped the Abyss
 84218 | Vaults:5 | Reached XP level 24. HP: 250/256 MP: 33/33
 84616 | Vaults:5 | Identified the +9 trident of Luxury {flame, Fragile rF+
                  | Will+++ Str+2 Int-2}
 84716 | Vaults:5 | Identified the +1 sling of Wounding {flame, rC+ Str-3 SInv}
 85143 | Vaults:5 | Identified the +2 kite shield of the Original Sin {rCorr
                  | Str+2}
 85627 | Vaults:5 | Got a silver rune of Zot
 85956 | Vaults:5 | Identified the ring "Nateb" {rPois rC+ Str+6 Dex+4}
 86103 | Vaults:5 | Identified Middikh's Elucidation of Power
 86429 | Vaults:5 | Found Nogun's Armour Shop.
 86652 | Vaults:5 | Identified the Spellbook of Concussion
 87635 | Zot:1    | Entered Level 1 of the Realm of Zot
 88552 | Zot:1    | Killed from afar by a black draconian

Illustrated notes

Levels and vault maps discovered:
D:1:      lightli_arrival_windingriver, layout_rooms, serial_shops,
          nicolae_shop_advertising_works [nicolae_subvault_shop_adworks],
          nicolae_hexahallways
D:2:      layout_loops_ring, serial_shops, shop, shop_statue,
          nicolae_shop_crystal, shop, nicolae_shop_window_shopping,
          uniq_crazy_yiuf_cottage
D:3:      layout_loops_ring, nicolae_dithmenos_shadow_blocks, serial_shops, shop
D:4:      layout_gridville, good_gods_mini_temple, xom_teletrap_fun,
          okawaru_trees_2, uniq_edmund
D:5:      cheibrodos_two_vegetables, layout_basic, nzn_hepliaklqana_mist_gate,
          nicolae_vehumet_altar_sigil, uniq_grinder
D:6:      layout_cave_pools, minmay_temple_entry_wispy,
          hangedman_decor_riveting, uniq_menkaure
D:7:      layout_gridville, enter_bailey_3
D:8:      layout_rooms, grunt_gozag_breadcrumbs, lightli_temple_of_fire,
          uniq_maurice, uniq_pikel
D:9:      layout_long_grid, statue_in_the_mist_lemuel,
          minmay_misc_feat_diagonals, st_stairs_6, hangedman_decor_points,
          minmay_fractal_squares_gapless_5
D:10:     layout_cave_pools, mainiacjoe_overflow_large_starburst, erik_orc_2,
          water_maze_lemuel
D:11:     dreamdust_cave_troll, layout_gridville, minmay_lair_entry_grove
D:12:     layout_rooms, gammafunk_ghost_nasty_kobolds, drop_trap
D:13:     layout_loops_corners, lightli_vaults_fourway_checkpoint
D:14:     layout_basic, hangedman_abyss_or_decor_slice, serial_undead,
          serial_undead_c, serial_undead_b, serial_undead_f, serial_undead_c,
          serial_undead_f, serial_undead_d, nrook_pool_corridor,
          grunt_qazlal_sundering, uniq_agnes
D:15:     grunt_enter_depths_giant_problem, layout_irregular_city,
          minmay_misc_feat_pillars
Temple:   chequers_temple_sunken
Lair:1:   layout_regular_city, st_stairs_7
Lair:2:   layout_chaotic_city, guppyfry_snake_entry_island,
          nicolae_quartered_pool_impasse, serial_bayou_shore_a,
          grunt_megastairs_4
Lair:3:   layout_big_grid, minmay_shoals_entry_lonely_mermaid
Lair:4:   layout_regular_city, slime_entry_1, wad_woods_road_01, uniq_snorg
Lair:5:   minmay_lair_end_frog_pond, layout_cave_shapes
Shoals:1: layout_shoals
Shoals:2: layout_shoals, uniq_ilsuiw
Shoals:3: layout_shoals, nicolae_shoals_lost_giant_baths,
          nicolae_shoals_drake_roost, uniq_mlioglotl, uniq_polyphemus
Shoals:4: shoals_end_grunt_ice, layout_shoals, shoals_ilsuiw_alternative
Snake:1:  layout_misc_corridors, grunt_ministairs_2, drop_trap,
          nicolae_snake_scaly_snakehead
Snake:2:  layout_basic, uniq_frances, uniq_vashnia
Snake:3:  layout_cave_town, minmay_shop_star, nicolae_triple_integral,
          uniq_asterion
Snake:4:  snake_pit, layout_basic, minmay_shop_mayhem,
          nicolae_shop_sticking_my_neck_out, uniq_nikola, uniq_mara, uniq_aizul
Orc:1:    layout_caves, basic_altar, nicolae_orc_rockfall, nicolae_orc_lava_tube
Orc:2:    kennysheep_orc_mage_school, layout_caves, roderic_batcave,
          nicolae_orc_crystal_geode
Elf:1:    eino_elf_arrival_sip, layout_geoelf_octagon, hangedman_elf_represent,
          hangedman_elven_pyramids
Elf:2:    nicolae_elf_blades_crystal_corner, layout_geoelf_grid
Elf:3:    elf_hall, layout_geoelf_castle, serial_shops, shop, minivault_13
Vaults:1: ontoclasm_vaults_fault, hangedman_vaults_restitches,
          ontoclasm_vaults_loading_screen, hangedman_vaults_hat,
          nicolae_vaults_sealed_display, nicolae_vaults_branching_niches,
          vaults_standard_mumra_lines, vaults_room_grid, v_misc_18,
          grunt_vaults_diagonal, vaults_room_hallway, ontoclasm_vaults_chip,
          layout_vaults_omnibox
Vaults:2: nicolae_vaults_border_crossing, v_misc_10, v_alt_pattern_2,
          nicolae_vaults_mini_display_case, vaults_mumra_lcd,
          hangedman_vaults_trim, vaults_standard_mumra_enter_the_diamond,
          vaults_dpeg_diagonal, layout_vaults_big_room
Vaults:3: ontoclasm_vaults_twist, nicolae_vaults_network_square, v_rooms_4,
          vaults_room_corners, v_pattern_4, v_misc_3, vaults_dpeg_ring,
          dpeg_vaults_hating_casters, nicolae_vaults_network_star,
          minmay_crypt_entry_simple_sparse, nicolae_vaults_little_squares_3,
          ontoclasm_vaults_loading_screen, vaults_room_stairs_pillars,
          layout_vaults_omnicross, serial_shops, shop
Vaults:4: nicolae_vaults_network_s, hangedman_vaults_nails, v_misc_16,
          v_rooms_4, vaults_room_fours, nicolae_vaults_back_hallway, v_misc_11,
          grunt_vaults_hallway_short, serial_ice_g, v_misc_17,
          vaults_room_pools, layout_vaults_ring, uniq_bai_suzhen
Vaults:5
Depths:1: layout_roguey, hellmouth_3, nicolae_tso_swordbearing_angel,
          minmay_splitting_lines, serial_bayou_pond_e, dispersion_dpeg
Depths:2: hangedman_arch_fort, layout_honeycomb, rand_demon_pan_entry_5,
          serial_sigils_hangedman_confine, ebering_ghost_disaster_area,
          hangedman_coc_ice_floe, firewood_loft, infiniplex_staircase_pool_lava,
          serial_bayou_shore_b
Depths:3: box_level_dp, hell_entry, abyss_entry, uniq_parghit, uniq_frederick
Depths:4: evilmike_zot_entry_round, layout_gridlike, hell_entry,
          grunt_megastairs_2
Zot:1:    layout_twisted_circle

Skill      XL: |  1  2  3  4  5  6  7  8  9 10 11 12 13 14 15 16 17 18 19 20 21 22 23 24 |
---------------+-------------------------------------------------------------------------+-----
Unarmed Combat | 4 6 8 9 10 11 17 | 17.6
Fighting       | 5 6 7 11 12 14 | 14.7
Evocations     | 3 6 7 9 10 | 10.6
Spellcasting   | 4 |  4.4
Armour         | 5 6 8 10 11 14 | 14.3
Throwing       | 5 8 11 13 | 13.0
Transmutations | 7 |  7.4
Summonings     | 6 8 9 |  9.9
Shields        | 6 11 15 | 15.6
Translocations | 4 10 | 10.4
Hexes          | 3 5 8 |  8.7
Necromancy     | 8 12 | 12.7
Dodging        | |  1.5
Earth Magic    | |  0.3

Action                     |  1- 3 |  4- 6 |  7- 9 | 10-12 | 13-15 | 16-18 | 19-21 | 22-24 || total
---------------------------+-------+-------+-------+-------+-------+-------+-------+-------++-------
  Melee: Unarmed           |    78 |    93 |   220 |   373 |   814 |   904 |   918 |  1294 ||  4694
         Punch             |       |     5 |    12 |    23 |    14 |       |       |       ||    54
         Whip              |       |       |       |       |       |    13 |     1 |     2 ||    16
  Throw: Boomerang         |       |       |       |   231 |   340 |    56 |    60 |    82 ||   769
         Large rock        |       |       |       |    13 |    25 |   318 |   457 |   324 ||  1137
         Dart              |       |       |       |     8 |   173 |   138 |    32 |     4 ||   355
         Throwing net      |       |       |       |       |       |       |     1 |       ||     1
   Cast: Wereblood         |       |       |       |     3 |     2 |     3 |     2 |     1 ||    11
         Blink             |       |       |       |       |       |     1 |       |     6 ||     7
         Lesser Beckoning  |       |       |       |       |       |       |     1 |       ||     1
         Call Canine Famil |       |       |       |       |       |       |    21 |    11 ||    32
         Summon Guardian G |       |       |       |       |       |       |    11 |    11 ||    22
 Invoke: Curse Item        |       |       |     3 |       |     3 |       |     2 |     1 ||     9
         Shatter the Chain |       |       |       |     1 |       |     1 |       |     1 ||     3
Ability: Evoke Invisibilit |       |       |       |       |       |       |     1 |       ||     1
  Evoke: Wand              |       |       |    24 |    49 |    22 |    40 |     9 |    17 ||   161
         Tin of tremorston |       |       |       |     2 |     7 |    12 |    18 |    16 ||    55
         Condenser vane    |       |       |       |       |     2 |     8 |    13 |    14 ||    37
         Box of beasts     |       |       |       |       |       |     8 |    10 |     9 ||    27
         Phial of floods   |       |       |       |       |       |     6 |    11 |     4 ||    21
         Lightning rod     |       |       |       |       |       |    15 |    37 |    18 ||    70
         Phantom mirror    |       |       |       |       |       |     5 |    10 |     8 ||    23
    Use: Scroll            |     7 |       |     9 |     4 |    17 |    12 |    18 |    23 ||    90
         Potion            |     1 |     4 |     3 |     4 |     4 |    22 |     8 |    29 ||    75
   Stab: Invisible         |       |     2 |       |       |       |       |     5 |     6 ||    13
         Paralysed         |       |       |       |       |     4 |       |     2 |     2 ||     8
         Distracted        |       |       |       |       |       |       |     1 |     1 ||     2
 Armour: Robe              |    26 |    38 |    88 |       |       |       |       |       ||   152
         Skin              |       |     2 |    11 |     8 |       |       |       |       ||    21
         Pearl dragon scal |       |       |    19 |   196 |       |       |       |       ||   215
         Gold dragon scale |       |       |       |    44 |   560 |   455 |   554 |   603 ||  2216
  Dodge: Dodged            |    33 |    51 |   128 |   147 |   133 |    96 |   281 |   283 ||  1152
  Block: Other             |       |       |       |     7 |    47 |       |       |       ||    54
         Kite shield       |       |       |       |       |   625 |   903 |  1043 |   241 ||  2812
         Reflection        |       |       |       |       |    49 |   158 |   142 |    60 ||   409
         Tower shield      |       |       |       |       |       |       |       |  1089 ||  1089

Table legend: (Time is in decaauts)
 A = Elapsed time spent in this place.
 B = Non-inter-level travel time spent in this place.
 C = Inter-level travel time spent in this place.
 D = Time resting spent in this place.
 E = Time spent auto-exploring this place.
 F = Levels seen in this place.
 G = Mean time per level.
                   A        B        C        D        E       F      G
               +--------+--------+--------+--------+--------+-----+--------+
         Total |  87997 |  79352 |   8645 |  35747 |  24047 |  46 | 1913.0 |
       Dungeon |  22791 |  18726 |   4065 |   7045 |   8136 |  15 | 1519.4 |
        Temple |    799 |    782 |     17 |    569 |    144 |   1 |  799.0 |
          Lair |   9286 |   7651 |   1635 |   3662 |   2507 |   5 | 1857.2 |
        Shoals |   4302 |   4062 |    240 |   1572 |    999 |   4 | 1075.5 |
     Snake Pit |  10115 |   9411 |    704 |   4084 |   2760 |   4 | 2528.8 |
  Orcish Mines |   4132 |   3364 |    768 |    882 |   1541 |   2 | 2066.0 |
   Elven Halls |   7188 |   6936 |    252 |   3580 |   1723 |   3 | 2396.0 |
        Vaults |  15588 |  14981 |    607 |   7138 |   3986 |   5 | 3117.6 |
        Depths |  13051 |  12695 |    356 |   7116 |   2251 |   4 | 3262.8 |
           Zot |    105 |    105 |      0 |      0 |      0 |   1 |  105.0 |
         Abyss |    636 |    636 |      0 |     97 |      0 |   2 |  318.0 |
               +--------+--------+--------+--------+--------+-----+--------+

Top non-repeatable levels by time:
  Lair:4: 4628 daAuts
Vaults:3: 4378 daAuts
   Elf:3: 4262 daAuts
Depths:4: 3998 daAuts
Vaults:5: 3583 daAuts
Depths:3: 3535 daAuts
 Snake:3: 3469 daAuts
Depths:1: 3075 daAuts
Vaults:1: 3032 daAuts
 Snake:4: 2878 daAuts
Vaults:4: 2582 daAuts
     D:5: 2450 daAuts
Depths:2: 2443 daAuts
   Orc:2: 2441 daAuts
   Elf:1: 2221 daAuts
